[Event "Guimaraes Open 2019"]
[Site "Guimaraes"]
[Date "2019.08.28"]
[Round "1.9"]
[White "Schou, Bjorn A"]
[Black "Prado Acebo, Ines"]
[Result "1-0"]
[ECO "E06"]
[WhiteElo "1257"]
[BlackElo "2142"]
[Annotator "ChessBase"]
[PlyCount "67"]
[EventDate "2019.08.28"]
[EventType "swiss"]
[EventCountry "POR"]
[SourceTitle "playchess.com"]
[Source "ChessBase"]
[SourceQuality "1"]
[TimeControl "5400+30"]

1. d4 Nf6 2. c4 e6 3. Nf3 d5 4. g3 Be7 5. Bg2 O-O 6. O-O dxc4 7. Qc2 a6 8. a4 Bd7 9. Rd1 Bc6 10. Nc3 Nd5 11. e4 Nxc3 12. bxc3 b5 13. d5 Bb7 14. Nd4 Qe8 15. dxe6 Nc6 16. exf7+ Qxf7 17. Nf5 Bc5 18. Bh6 Qg6 19. axb5 axb5 20. Rxa8 Bxa8 21. Bxg7 Rxf5 22. exf5 Qxg7 23. Bd5+ Kf8 24. Qe4 Qe7 25. Qg4 Qg7 26. Qh5 Be7 27. Re1 Bb7 28. f6 Qxf6 29. Qxh7 Ke8 30. Re6 Qf8 31. Rxc6 Kd8 32. Qh3 b4 33. cxb4 Bxb4 34. Rh6 1-0

[Event "Guimaraes Open 2019"]
[Site "Guimaraes"]
[Date "2019.08.28"]
[Round "1.14"]
[White "Fernandes, Miguel A. Murtinho"]
[Black "Veiga, Jose Francisco R P N"]
[Result "1-0"]
[ECO "A61"]
[WhiteElo "2108"]
[BlackElo "2346"]
[Annotator "RC"]
[PlyCount "83"]
[EventDate "2019.08.28"]
[EventType "swiss"]
[EventCountry "POR"]
[SourceTitle "playchess.com"]
[Source "ChessBase"]
[SourceQuality "1"]
[TimeControl "5400+30"]

1. d4 Nf6 2. c4 c5 3. d5 e6 4. Nc3 exd5 5. cxd5 d6 6. Nf3 g6 7. Nd2 Nbd7 8. e4 Bg7 9. Be2 O-O 10. O-O Re8 11. Qc2 Ne5 12. a4 Bg4 13. Bxg4 Nfxg4 14. h3 Nh6 15. f4 Nd7 16. Nf3 f5 17. Ng5 Nf8 18. Bd2 fxe4 19. Ncxe4 Nf5 20. Rae1 Qb6 21. a5 Qa6 22. Qa4 b5 23. Qd1 h6 24. g4 Ne7 25. f5 Bd4+ 26. Be3 Nxd5 27. Bxd4 hxg5 28. Bf6 Qc6 29. Bxg5 Nh7 30. Bh6 gxf5 31. Rxf5 Re5 32. Qf3 Rae8 33. Rf7 R5e7 34. Rxe7 Rxe7 35. Nf6+ Kh8 36. Rxe7 Nxe7 37. Qe3 Nxf6 38. Qxe7 Ne8 39. g5 d5 40. Qf7 d4 41. g6 Qe4 42. Qh7# 1-0

[Event "Guimaraes Open 2019"]
[Site "Guimaraes"]
[Date "2019.08.28"]
[Round "1.18"]
[White "Pintor, Simao Maciel Abranch"]
[Black "Nieves Cabanes, Jose Manuel"]
[Result "0-1"]
[ECO "A05"]
[WhiteElo "2076"]
[BlackElo "2311"]
[Annotator "RC"]
[PlyCount "104"]
[EventDate "2019.08.28"]
[EventType "swiss"]
[EventCountry "POR"]
[SourceTitle "playchess.com"]
[Source "ChessBase"]
[SourceQuality "1"]
[TimeControl "5400+30"]

1. Nf3 Nf6 2. g3 b6 3. Bg2 Bb7 4. b3 c5 5. c4 e6 6. O-O Be7 7. Bb2 O-O 8. d4 cxd4 9. Qxd4 Nc6 10. Qf4 d5 11. Rd1 Qb8 12. Qxb8 Raxb8 13. Na3 Rfd8 14. cxd5 Nxd5 15. Nc4 f6 16. Rac1 b5 17. Ncd2 Ncb4 18. a3 Na2 19. Rc2 b4 20. axb4 Ndxb4 21. Rc4 Bd5 22. Rc7 Bxb3 23. Rxe7 Bxd1 24. Rxa7 Bxe2 25. Bh3 Rb6 26. Nd4 e5 27. Be6+ Kh8 28. Nxe2 Rxe6 29. Ne4 h5 30. h3 Rc6 31. N2c3 Nxc3 32. Bxc3 Rc4 33. Bxb4 Rxe4 34. Rb7 Rd1+ 35. Kg2 Rb1 36. Rb8+ Kh7 37. Bd6 Rxb8 38. Bxb8 Ra4 39. h4 Kg6 40. Bd6 Kf5 41. Bf8 g6 42. Be7 Ra6 43. Bc5 Ke4 44. Be3 Ra2 45. Bh6 f5 46. Bg5 f4 47. gxf4 exf4 48. Be7 f3+ 49. Kg3 Ra1 50. Bc5 Rg1+ 51. Kh2 Rg2+ 52. Kh3 Kd3 0-1

[Event "Guimaraes Open 2019"]
[Site "Guimaraes"]
[Date "2019.08.28"]
[Round "1.20"]
[White "Sismeiro, Miguel"]
[Black "Alonso Garcia, Aaron"]
[Result "0-1"]
[ECO "B08"]
[WhiteElo "2054"]
[BlackElo "2291"]
[Annotator "ChessBase"]
[PlyCount "104"]
[EventDate "2019.08.28"]
[EventType "swiss"]
[EventCountry "POR"]
[SourceTitle "playchess.com"]
[Source "ChessBase"]
[SourceQuality "1"]
[TimeControl "5400+30"]

1. e4 g6 2. d4 Bg7 3. Nc3 d6 4. Nf3 Nf6 5. Be2 a6 6. a4 O-O 7. O-O b6 8. e5 Nfd7 9. e6 fxe6 10. Ng5 Nf6 11. Bf3 d5 12. Re1 Qd6 13. Qe2 Nc6 14. Nxe6 Bxe6 15. Qxe6+ Qxe6 16. Rxe6 Nxd4 17. Rxf6 Bxf6 18. Bxd5+ Kg7 19. Bxa8 Rxa8 20. Bf4 e5 21. Bg3 Nxc2 22. Rd1 Nd4 23. f4 exf4 24. Bxf4 c5 25. Bc7 b5 26. axb5 axb5 27. Bb6 Nb3 28. Rd7+ Kh6 29. Nxb5 Rb8 30. Rd6 Bxb2 31. Rc6 Nd4 32. Nxd4 Bxd4+ 33. Kh1 Kg5 34. g3 Kf5 35. Kg2 Ke4 36. Bxc5 Rb2+ 37. Kh3 Rc2 38. Re6+ Kf5 39. Bxd4 Kxe6 40. g4 Kd5 41. Bf6 Ke4 42. Kg3 Rc6 43. Bg7 Rb6 44. h3 Rb3+ 45. Kh4 Rf3 46. Bh6 Kd3 47. g5 Rf1 48. Kg3 Ke4 49. Bg7 Rg1+ 50. Kh4 Kf3 51. Be5 Re1 52. Bf4 Re2 0-1

[Event "Guimaraes Open 2019"]
[Site "Guimaraes"]
[Date "2019.08.28"]
[Round "1.21"]
[White "Forgas Moreno, Yaniela"]
[Black "Fernandes, Joao Pedro Murtinho"]
[Result "0-1"]
[ECO "B23"]
[WhiteElo "2276"]
[BlackElo "2044"]
[Annotator "ChessBase"]
[PlyCount "56"]
[EventDate "2019.08.28"]
[EventType "swiss"]
[EventCountry "POR"]
[SourceTitle "playchess.com"]
[Source "ChessBase"]
[SourceQuality "1"]
[TimeControl "5400+30"]

1. e4 c5 2. Nc3 e6 3. g3 Nc6 4. Bg2 Nf6 5. d3 Be7 6. f4 d5 7. e5 Nd7 8. Nf3 b5 9. O-O b4 10. Ne2 O-O 11. g4 f6 12. exf6 Nxf6 13. h3 Bd6 14. c4 bxc3 15. bxc3 Ba6 16. Re1 e5 17. fxe5 Nxe5 18. Nf4 Qb8 19. Nxe5 Bxe5 20. Nxd5 Nxd5 21. Bxd5+ Kh8 22. Qc2 Bxc3 23. Re6 Bxa1 24. Bxa8 Qxa8 25. Be3 Bc8 26. Re7 Qf3 27. Qg2 Qd1+ 28. Kh2 Bf6 0-1

[Event "Guimaraes Open 2019"]
[Site "Guimaraes"]
[Date "2019.08.28"]
[Round "1.25"]
[White "Lopez Gonzalez, Alfonso"]
[Black "Sanleon Pravisano, Nieves"]
[Result "1-0"]
[ECO "D20"]
[WhiteElo "2219"]
[BlackElo "1995"]
[Annotator "ChessBase"]
[PlyCount "83"]
[EventDate "2019.08.28"]
[EventType "swiss"]
[EventCountry "POR"]
[SourceTitle "playchess.com"]
[Source "ChessBase"]
[SourceQuality "1"]
[TimeControl "5400+30"]

1. d4 d5 2. c4 dxc4 3. e3 Nf6 4. Bxc4 e6 5. Nc3 a6 6. a4 c5 7. Nf3 Nc6 8. O-O cxd4 9. exd4 Be7 10. Bg5 Nd5 11. Bxe7 Ncxe7 12. Bxd5 Nxd5 13. Nxd5 Qxd5 14. Re1 O-O 15. Re5 Qd6 16. Qd3 f6 17. Rh5 g6 18. Rc5 Bd7 19. Nd2 e5 20. Qc4+ Kh8 21. Rd5 Qe6 22. dxe5 fxe5 23. Rd3 Qxc4 24. Nxc4 Bf5 25. Re3 Rac8 26. Nxe5 Rc2 27. b3 Rfc8 28. g4 Rc1+ 29. Rxc1 Rxc1+ 30. Kg2 Bc2 31. Nc4 Bxb3 32. Nb6 Bc2 33. Kg3 Ra1 34. Re8+ Kg7 35. Re7+ Kh8 36. Rxb7 Bxa4 37. Ra7 Bb5 38. Nd5 Ra3+ 39. Kf4 Bd3 40. Nf6 g5+ 41. Kxg5 Bg6 42. f4 1-0

[Event "Guimaraes Open 2019"]
[Site "Guimaraes"]
[Date "2019.08.28"]
[Round "1.27"]
[White "Nieves Cabanes, Javier"]
[Black "Tevar Becerra, Alvaro"]
[Result "1-0"]
[ECO "A06"]
[WhiteElo "2211"]
[BlackElo "1990"]
[Annotator "ChessBase"]
[PlyCount "104"]
[EventDate "2019.08.28"]
[EventType "swiss"]
[EventCountry "POR"]
[SourceTitle "playchess.com"]
[Source "ChessBase"]
[SourceQuality "1"]
[TimeControl "5400+30"]

1. Nf3 d5 2. c4 e6 3. e3 Nf6 4. b3 Be7 5. Bb2 O-O 6. g3 b6 7. Bg2 Bb7 8. O-O Nbd7 9. Nc3 c5 10. Qe2 Rc8 11. Rfd1 Ne4 12. Rac1 Bf6 13. cxd5 Nxc3 14. Bxc3 exd5 15. d4 Qe7 16. Qb2 Rfd8 17. dxc5 Bxc3 18. Rxc3 bxc5 19. Qa3 Qf6 20. Rdc1 Qb6 21. Bh3 d4 22. exd4 cxd4 23. Rxc8 Bxc8 24. Qe7 d3 25. Rxc8 Rxc8 26. Qxd7 Rd8 27. Qe7 Rf8 28. Bf5 Qc6 29. Qe3 Qf6 30. Bxd3 Qa1+ 31. Kg2 Qxa2 32. h4 Qa5 33. Qe4 g6 34. Bc4 Qc7 35. h5 Kg7 36. hxg6 hxg6 37. Ng5 Qd6 38. Qh4 Qc6+ 39. Kg1 Rh8 40. Qd4+ Qf6 41. Qxf6+ Kxf6 42. Nxf7 Rf8 43. f4 Kf5 44. Kf2 a5 45. Bd3+ Kf6 46. Ne5 Rd8 47. Bxg6 Rd2+ 48. Kf3 Ra2 49. Be8 Rc2 50. Ba4 Rc3+ 51. Kg4 Ke6 52. Nc4 Kd5 1-0

[Event "Guimaraes Open 2019"]
[Site "Guimaraes"]
[Date "2019.08.29"]
[Round "1.31"]
[White "Korning, Peter"]
[Black "Barros, Luis"]
[Result "1-0"]
[ECO "A04"]
[WhiteElo "1972"]
[BlackElo "1680"]
[Annotator "NA RC"]
[PlyCount "127"]
[EventDate "2019.08.28"]
[EventType "swiss"]
[EventCountry "POR"]
[SourceTitle "playchess.com"]
[Source "ChessBase"]
[SourceQuality "1"]
[TimeControl "5400+30"]

1. Nf3 g6 2. g3 Bg7 3. d4 Nf6 4. Bg2 d6 5. O-O O-O 6. c4 Re8 7. Nc3 c6 8. e4 Na6 9. h3 Nd7 10. Be3 e5 11. Rc1 Nc7 12. Qd2 Ne6 13. d5 cxd5 14. cxd5 Nef8 (14... Nc7 $16) 15. Nb5 Nf6 16. Nc7 Nxe4 17. Qb4 Nf6 18. Rfd1 ({Don't do} 18. Nxe8 $6 Nxe8 19. Nd2 b6 $16) 18... e4 19. Ne1 Re5 20. Qb3 Rh5 21. Nxa8 Bxh3 22. Bxh3 Rxh3 23. Qxb7 Ng4 24. Qc8 Qxc8 25. Rxc8 Nxe3 26. fxe3 Rxg3+ 27. Kf2 Be5 28. Re8 Rg5 29. Nc7 h5 30. Ng2 Rg4 31. Rxe5 dxe5 32. d6 Nd7 33. Nd5 f5 34. Rc1 Kf7 35. Rc7 Ke6 36. Rxd7 Kxd5 37. Rxa7 Kxd6 38. a4 f4 39. Ra6+ Kc7 40. Re6 f3 41. Ne1 Rg5 42. Nxf3 exf3 43. Kxf3 h4 44. Re7+ Kb6 45. Rh7 Rg3+ 46. Kf2 g5 47. b4 Rg4 48. Rh6+ Kc7 49. Rh7+ Kd6 50. Rh6+ Ke7 51. a5 Rxb4 52. a6 Ra4 {[%emt 0:01:19] [#]} 53. a7 $11 Kf7 54. Rh8 Kg6 55. a8=Q Rxa8 56. Rxa8 Kf5 57. Rh8 Ke4 58. Rh5 Kf5 59. Kf3 e4+ 60. Kg2 Kg4 61. Rh8 Kf5 62. Kh3 Kg6 63. Kg4 Kg7 64. Rh5 1-0

[Event "Guimaraes Open 2019"]
[Site "Guimaraes"]
[Date "2019.08.28"]
[Round "1.32"]
[White "Caeiro, Vitor Cristiano"]
[Black "Silva, Pedro Gil Ferreira D"]
[Result "0-1"]
[ECO "B10"]
[WhiteElo "1680"]
[BlackElo "1960"]
[Annotator "NA"]
[PlyCount "40"]
[EventDate "2019.08.28"]
[EventType "swiss"]
[EventCountry "POR"]
[SourceTitle "playchess.com"]
[Source "ChessBase"]
[SourceQuality "1"]
[TimeControl "5400+30"]

1. e4 c6 2. Nf3 d5 3. exd5 cxd5 4. d4 Nf6 5. c3 g6 6. Qa4+ Nbd7 7. Ne5 Bg7 8. Nd2 O-O 9. Ndf3 Ne4 10. Bd3 Nec5 11. Qc2 Nxd3+ 12. Qxd3 Nxe5 13. Nxe5 f6 14. Nxg6 hxg6 15. Qxg6 Qe8 16. Qg3 Qh5 17. f3 Kf7 18. Qc7 Qg6 $17 19. Kf2 Qc2+ 20. Kg1 Qd1+ 0-1

[Event "Guimaraes Open 2019"]
[Site "Guimaraes"]
[Date "2019.08.28"]
[Round "1.33"]
[White "Pipiras, Filipa Fortuna"]
[Black "Goncalves, Samuel Jesus P"]
[Result "1/2-1/2"]
[ECO "E43"]
[WhiteElo "1959"]
[BlackElo "1679"]
[Annotator "NA"]
[PlyCount "57"]
[EventDate "2019.08.28"]
[EventType "swiss"]
[EventCountry "POR"]
[SourceTitle "playchess.com"]
[Source "ChessBase"]
[SourceQuality "1"]
[TimeControl "5400+30"]

1. d4 Nf6 2. c4 e6 3. Nc3 Bb4 4. e3 b6 5. Nf3 Bxc3+ 6. bxc3 d6 7. Bd3 O-O 8. O-O Nc6 9. h3 Ba6 10. Qe2 Na5 11. e4 Nd7 12. Bf4 h6 13. Rfd1 Qf6 14. e5 dxe5 15. Qe4 Qf5 16. Qxa8 Rxa8 17. Bxf5 exf4 18. Be4 Rc8 19. Nd2 Bxc4 20. Nxc4 Nxc4 21. d5 Nc5 22. Bf3 e5 23. Be2 Nd6 24. c4 Rd8 25. Rac1 Kf8 26. Bd3 Rd7 27. Be2 Rd8 28. Bd3 Rd7 29. Be2 1/2-1/2

[Event "Guimaraes Open 2019"]
[Site "Guimaraes"]
[Date "2019.08.28"]
[Round "1.34"]
[White "Alves, Fernando Pereira Rib"]
[Black "Marques, Ricardo Taborda Trig"]
[Result "0-1"]
[ECO "B00"]
[WhiteElo "1678"]
[BlackElo "1958"]
[Annotator "NA"]
[PlyCount "78"]
[EventDate "2019.08.28"]
[EventType "swiss"]
[EventCountry "POR"]
[SourceTitle "playchess.com"]
[Source "ChessBase"]
[SourceQuality "1"]
[TimeControl "5400+30"]

1. e4 d6 2. d4 Nf6 3. Bc4 Nxe4 4. Bxf7+ Kxf7 5. Qh5+ g6 6. Qd5+ e6 7. Qxe4 Bg7 8. Nf3 Re8 9. O-O $11 ({Reject} 9. Ng5+ Kg8 $15) 9... Qf6 10. Nc3 Qf5 11. Qe2 Bd7 12. Be3 Bc6 13. Nh4 Qf6 14. Qg4 Nd7 15. Rad1 Kg8 16. Bg5 Qf7 17. Qe2 h6 18. Be3 g5 19. Nf3 Bxf3 20. gxf3 Rf8 21. Kg2 c6 22. h4 gxh4 23. Rh1 Qg6+ 24. Kf1 Qh5 25. Rh3 d5 26. Kg2 e5 27. Rdh1 Bf6 28. Qd3 Kh8 29. Ne2 Rg8+ 30. Kf1 Qg6 31. Qd2 h5 32. f4 e4 33. f5 Qxf5 34. Nf4 Rg4 35. c3 Rag8 36. Qd1 Bg5 37. Nxh5 Bxe3 38. Rxe3 Qxh5 39. Qe2 Nf6 0-1

[Event "Guimaraes Open 2019"]
[Site "Guimaraes"]
[Date "2019.08.29"]
[Round "2.1"]
[White "Alonso Garcia, Aaron"]
[Black "Grigoryan, Karen H."]
[Result "0-1"]
[ECO "B89"]
[WhiteElo "2291"]
[BlackElo "2562"]
[Annotator "ChessBase"]
[PlyCount "66"]
[EventDate "2019.08.28"]
[EventType "swiss"]
[EventCountry "POR"]
[SourceTitle "playchess.com"]
[Source "ChessBase"]
[SourceQuality "1"]
[TimeControl "5400+30"]

1. e4 c5 2. Nf3 d6 3. d4 cxd4 4. Nxd4 Nf6 5. Nc3 Nc6 6. Bc4 e6 7. Be3 Be7 8. Qe2 a6 9. O-O-O Qc7 10. Bb3 O-O 11. g4 Nxd4 12. Rxd4 b5 13. g5 Nd7 14. f4 Nc5 15. f5 exf5 16. Nd5 Qd8 17. exf5 Bxf5 18. Rf1 Be6 19. Qd2 Re8 20. h4 a5 21. c3 Nxb3+ 22. axb3 a4 23. bxa4 bxa4 24. Kb1 Qc8 25. Rff4 a3 26. b4 a2+ 27. Ka1 Bxd5 28. Rxd5 Ra3 29. Bd4 Qc6 30. Rdf5 Rb3 31. Rf1 Ra8 32. Qf2 Qe4 33. Ra5 Qc6 0-1

[Event "Guimaraes Open 2019"]
[Site "Guimaraes"]
[Date "2019.08.29"]
[Round "2.2"]
[White "Martinez Duany, Lelys Stanley"]
[Black "Garcia Moreno, Carlos"]
[Result "1-0"]
[ECO "C85"]
[WhiteElo "2526"]
[BlackElo "2292"]
[Annotator "ChessBase"]
[PlyCount "83"]
[EventDate "2019.08.28"]
[EventType "swiss"]
[EventCountry "POR"]
[SourceTitle "playchess.com"]
[Source "ChessBase"]
[SourceQuality "1"]
[TimeControl "5400+30"]

1. e4 e5 2. Nf3 Nc6 3. Bb5 a6 4. Ba4 Nf6 5. O-O Be7 6. Bxc6 dxc6 7. d3 Nd7 8. Nbd2 O-O 9. Nc4 Bd6 10. d4 f6 11. Qd3 Qe7 12. Rd1 exd4 13. Nxd6 cxd6 14. Nxd4 Nc5 15. Qc4+ Qf7 16. Qxf7+ Kxf7 17. f3 Rd8 18. Be3 Be6 19. b3 h5 20. Rd2 g6 21. Rad1 Ke7 22. c4 Bf7 23. Ne2 b6 24. Nc3 a5 25. Bf4 Nb7 26. Na4 b5 27. cxb5 cxb5 28. Nb6 Ra6 29. Be3 Rb8 30. Kf2 Be6 31. Nd5+ Bxd5 32. Rxd5 Nd8 33. Rc1 Rc6 34. Bf4 Rxc1 35. Bxd6+ Ke6 36. Bxb8 Rc2+ 37. Ke1 Nc6 38. Kd1 Rc3 39. Bf4 Nb4 40. Rxb5 Nxa2 41. Bd2 Rd3 42. Kc2 {[%emt 0:01:17] Kd5} 1-0

[Event "Guimaraes Open 2019"]
[Site "Guimaraes"]
[Date "2019.08.29"]
[Round "2.3"]
[White "Jimenez Martinez, Jose Vicente"]
[Black "Lizak, Peter"]
[Result "0-1"]
[ECO "A40"]
[WhiteElo "2264"]
[BlackElo "2448"]
[Annotator "NA"]
[PlyCount "60"]
[EventDate "2019.08.28"]
[EventType "swiss"]
[EventCountry "POR"]
[SourceTitle "playchess.com"]
[Source "ChessBase"]
[SourceQuality "1"]
[TimeControl "5400+30"]

1. d4 e6 2. c4 b6 3. Nc3 Bb7 4. e4 Bb4 5. Bd3 f5 6. f3 Qh4+ 7. g3 Qh5 8. Bf4 fxe4 9. fxe4 Qxd1+ 10. Kxd1 Bxc3 11. bxc3 Nf6 12. d5 exd5 13. cxd5 Nxd5 14. Be5 Nf6 15. Bxc7 Nxe4 16. Nh3 O-O 17. Re1 d5 18. Nf4 Nxc3+ 19. Kc2 Ne4 20. Nxd5 Bxd5 21. Bxe4 Rf2+ 22. Kd1 Bxe4 23. Rxe4 Na6 24. Rc1 Rc8 25. Bf4 Rd8+ 26. Ke1 Rxh2 27. Rc6 Nc5 28. Re7 Nd3+ 29. Kf1 Nxf4 30. Kg1 Rxa2 0-1

[Event "Guimaraes Open 2019"]
[Site "Guimaraes"]
[Date "2019.08.29"]
[Round "2.4"]
[White "Campora, Daniel H."]
[Black "Lopez Gonzalez, Alfonso"]
[Result "1/2-1/2"]
[ECO "C01"]
[WhiteElo "2426"]
[BlackElo "2219"]
[Annotator "NA"]
[PlyCount "99"]
[EventDate "2019.08.28"]
[EventType "swiss"]
[EventCountry "POR"]
[SourceTitle "playchess.com"]
[Source "ChessBase"]
[SourceQuality "1"]
[TimeControl "5400+30"]

1. e4 e6 2. d4 d5 3. exd5 exd5 4. Nf3 Nf6 5. Bd3 Bd6 6. O-O O-O 7. Bg5 Bg4 8. Nbd2 Nbd7 9. c3 c6 10. Qc2 Qc7 11. Bh4 Bh5 12. Bg3 Bg6 13. Nh4 Rfe8 14. Nxg6 hxg6 15. Rfe1 Rxe1+ 16. Rxe1 Re8 17. Rxe8+ Nxe8 18. Nf3 Bxg3 19. hxg3 Nd6 20. Qe2 Qd8 21. Ne5 Qe8 22. f3 Nf8 23. Kf2 Qe7 24. b4 Qc7 25. Qe3 a5 26. a3 Qd8 27. Kg1 axb4 28. axb4 Qe7 29. Ng4 Qxe3+ 30. Nxe3 Nd7 31. b5 Kf8 32. Kf2 Ke7 33. bxc6 bxc6 34. Ke2 Ke6 35. Nc2 Nf5 36. g4 Ne7 37. g5 Kd6 38. g4 Nf8 39. f4 Ne6 40. Ke3 Nc8 41. Ne1 Nb6 42. Nf3 Nd7 43. Ba6 Nc7 44. Be2 Ke7 45. Bd3 Kd6 46. Ne5 Nxe5 47. dxe5+ Ke7 48. f5 gxf5 49. gxf5 g6 50. fxg6 1/2-1/2

[Event "Guimaraes Open 2019"]
[Site "Guimaraes"]
[Date "2019.08.29"]
[Round "2.5"]
[White "Lopez Mulet, Inigo"]
[Black "Nieves Cabanes, Javier"]
[Result "1/2-1/2"]
[ECO "E04"]
[WhiteElo "2397"]
[BlackElo "2211"]
[Annotator "NA"]
[PlyCount "75"]
[EventDate "2019.08.28"]
[EventType "swiss"]
[EventCountry "POR"]
[SourceTitle "playchess.com"]
[Source "ChessBase"]
[SourceQuality "1"]
[TimeControl "5400+30"]

1. d4 Nf6 2. c4 e6 3. g3 d5 4. Nf3 dxc4 5. Bg2 Bd7 6. Ne5 Bc6 7. Nxc6 Nxc6 8. O-O Qd7 9. e3 O-O-O 10. Qa4 Nd5 11. Qxc4 h5 12. Nc3 h4 13. Bd2 f5 14. b4 hxg3 15. hxg3 g5 16. b5 Qh7 17. Rfc1 Nce7 18. Na4 f4 19. e4 fxg3 20. exd5 gxf2+ 21. Kf1 Nxd5 22. Qe2 Qh2 23. Qxe6+ Kb8 24. Bxd5 Bg7 25. Nc5 Bxd4 26. Nd7+ Rxd7 27. Qxd7 Qg1+ 28. Ke2 f1=Q+ 29. Rxf1 Rh2+ 30. Kd3 Rxd2+ 31. Kc4 Rc2+ 32. Kb3 Rb2+ 33. Ka3 Qe3+ 34. Bb3 Rxb3+ 35. axb3 Bc5+ 36. Kb2 Bd4+ 37. Ka3 Bc5+ 38. Kb2 1/2-1/2

[Event "Guimaraes Open 2019"]
[Site "Guimaraes"]
[Date "2019.08.29"]
[Round "2.6"]
[White "De Prado Rodriguez, Oscar Bruno"]
[Black "Schou, Bjorn A"]
[Result "0-1"]
[ECO "A43"]
[WhiteElo "2155"]
[BlackElo "1257"]
[Annotator "NA"]
[PlyCount "118"]
[EventDate "2019.08.28"]
[EventType "swiss"]
[EventCountry "POR"]
[SourceTitle "playchess.com"]
[Source "ChessBase"]
[SourceQuality "1"]
[TimeControl "5400+30"]

1. d4 c5 2. c3 e6 3. Bf4 Nf6 4. e3 Nc6 5. Nd2 Be7 6. Bd3 b6 7. h3 Bb7 8. Ngf3 d5 9. O-O O-O 10. Qe2 h6 11. Rad1 Bd6 12. Bxd6 Qxd6 13. e4 dxe4 14. Nxe4 Nxe4 15. Qxe4 g6 16. Qe3 Kg7 17. dxc5 Qxc5 18. Qxc5 bxc5 19. Be4 Rfd8 20. Rfe1 Rab8 21. b3 Kf6 22. Nd2 Ke7 23. Bf3 Rbc8 24. Nc4 h5 25. Ne3 Rxd1 26. Rxd1 Ba6 27. Bxc6 Rxc6 28. c4 Bb7 29. f3 g5 30. Kf2 Rc8 31. Rd2 f5 32. Re2 Kf6 33. Rd2 f4 34. Nd1 Bc6 35. Nc3 a6 36. Ne2 Kf5 37. Nc1 e5 38. Ne2 g4 39. hxg4+ hxg4 40. fxg4+ Kxg4 41. Rd6 Kf5 42. Rh6 Kg5 43. Re6 Kf5 44. Rh6 Bb7 45. Rh7 Ba8 46. Rg7 Rd8 47. Rf7+ Ke6 48. Ra7 Be4 49. Rxa6+ Kf5 50. Ra5 Rd2 51. Ke1 Rb2 52. Rxc5 Bxg2 53. Nd4+ Ke4 54. Nc6 f3 55. Rxe5+ Kf4 56. Kd1 f2 57. Kc1 Rxa2 58. Kb1 Rd2 59. Kc1 Rd6 0-1

[Event "Guimaraes Open 2019"]
[Site "Guimaraes"]
[Date "2019.08.29"]
[Round "2.7"]
[White "Portela Peleteiro, Alberto"]
[Black "Fernandes, Miguel A. Murtinho"]
[Result "1/2-1/2"]
[ECO "B12"]
[WhiteElo "2375"]
[BlackElo "2108"]
[Annotator "NA"]
[PlyCount "81"]
[EventDate "2019.08.28"]
[EventType "swiss"]
[EventCountry "POR"]
[SourceTitle "playchess.com"]
[Source "ChessBase"]
[SourceQuality "1"]
[TimeControl "5400+30"]

1. e4 c6 2. d4 d5 3. e5 Bf5 4. Nf3 e6 5. Be2 Ne7 6. O-O Ng6 7. c4 dxc4 8. Bxc4 Nd7 9. Nc3 h6 10. h3 Nb6 11. Bb3 Ne7 12. Qe2 Ned5 13. Rd1 Be7 14. Nd2 Qc7 15. Nde4 Rd8 16. a3 O-O 17. Bc2 Nxc3 18. bxc3 c5 19. Bf4 Nd5 20. Bg3 Nxc3 21. Nxc3 Bxc2 22. Rdc1 Bg6 23. dxc5 Qc6 24. Qb5 Qxc5 25. Qxb7 Rb8 26. Qa6 Qb6 27. Qxb6 Rxb6 28. Na4 Ra6 29. Nc5 Ra5 30. Nb3 Rxa3 31. Rxa3 Bxa3 32. Ra1 Bb4 33. Rxa7 Rd8 34. Rb7 Bc3 35. Rc7 Rd3 36. Nc5 Rd1+ 37. Kh2 Bb4 38. Nd7 Kh7 39. Rb7 Ba3 40. Ra7 Bb4 41. Rb7 1/2-1/2

[Event "Guimaraes Open 2019"]
[Site "Guimaraes"]
[Date "2019.08.29"]
[Round "2.8"]
[White "Gomez Peco, David"]
[Black "Espineira Gonzalez, Diego"]
[Result "0-1"]
[ECO "B41"]
[WhiteElo "2104"]
[BlackElo "2362"]
[Annotator "NA"]
[PlyCount "30"]
[EventDate "2019.08.28"]
[EventType "swiss"]
[EventCountry "POR"]
[SourceTitle "playchess.com"]
[Source "ChessBase"]
[SourceQuality "1"]
[TimeControl "5400+30"]

1. e4 c5 2. Nf3 e6 3. d4 cxd4 4. Nxd4 a6 5. c4 Nf6 6. Nc3 Qc7 7. a3 Nxe4 8. Nxe4 Qe5 9. Bd3 Qxd4 10. O-O f5 11. Be3 Qe5 12. Ng5 Bc5 13. Qh5+ g6 14. Qh3 Bxe3 15. fxe3 h6 0-1

[Event "Guimaraes Open 2019"]
[Site "Guimaraes"]
[Date "2019.08.29"]
[Round "2.9"]
[White "Chueca Forcen, Alberto"]
[Black "Pinheiro, Albano"]
[Result "1-0"]
[ECO "E39"]
[WhiteElo "2355"]
[BlackElo "1989"]
[Annotator "NA"]
[PlyCount "61"]
[EventDate "2019.08.28"]
[EventType "swiss"]
[EventCountry "POR"]
[SourceTitle "playchess.com"]
[Source "ChessBase"]
[SourceQuality "1"]
[TimeControl "5400+30"]

1. d4 Nf6 2. c4 e6 3. Nc3 Bb4 4. Qc2 c5 5. dxc5 O-O 6. Nf3 Bxc5 7. Bg5 h6 8. Bh4 Nc6 9. Rd1 b6 10. e4 e5 11. Be2 Re8 12. O-O g5 13. Bg3 d6 14. Rfe1 Qe7 15. a3 a5 16. Qd2 Kh7 17. Nd5 Nxd5 18. exd5 Nd4 19. b4 axb4 20. axb4 Nxf3+ 21. Bxf3 g4 22. Be4+ f5 23. bxc5 fxe4 24. cxd6 Qxd6 25. Rxe4 Bf5 26. Re2 Qc5 27. Rxe5 Rxe5 28. Bxe5 Qxc4 29. d6 Bd7 30. Qb2 b5 31. Qb1+ 1-0

[Event "Guimaraes Open 2019"]
[Site "Guimaraes"]
[Date "2019.08.29"]
[Round "2.10"]
[White "Martins, Diogo Faria Oliveira"]
[Black "Martin Duque, Jesus"]
[Result "0-1"]
[ECO "C27"]
[WhiteElo "1984"]
[BlackElo "2353"]
[Annotator "NA"]
[PlyCount "46"]
[EventDate "2019.08.28"]
[EventType "swiss"]
[EventCountry "POR"]
[SourceTitle "playchess.com"]
[Source "ChessBase"]
[SourceQuality "1"]
[TimeControl "5400+30"]

1. e4 e5 2. Bc4 Nf6 3. Nf3 Nxe4 4. Nc3 Nxc3 5. dxc3 f6 6. Nh4 g6 7. f4 Qe7 8. f5 Qg7 9. Be3 c6 10. Qe2 d5 11. Bb3 g5 12. Nf3 Bxf5 13. c4 d4 14. Bxd4 Nd7 15. O-O-O Bc5 16. Rhe1 O-O 17. Bc3 Rfd8 18. Nxe5 fxe5 19. Bxe5 Nxe5 20. Rxd8+ Rxd8 21. Qxe5 Qxe5 22. Rxe5 b6 23. c3 Bg6 0-1

[Event "Guimaraes Open 2019"]
[Site "Guimaraes"]
[Date "2019.08.29"]
[Round "2.11"]
[White "Nieves Cabanes, Jose Manuel"]
[Black "Gonzalez Eiris, Daniel"]
[Result "1-0"]
[ECO "A14"]
[WhiteElo "2311"]
[BlackElo "1977"]
[Annotator "NA"]
[PlyCount "37"]
[EventDate "2019.08.28"]
[EventType "swiss"]
[EventCountry "POR"]
[SourceTitle "playchess.com"]
[Source "ChessBase"]
[SourceQuality "1"]
[TimeControl "5400+30"]

1. Nf3 e6 2. c4 Nf6 3. g3 d5 4. Bg2 Be7 5. O-O O-O 6. b3 c5 7. cxd5 Nxd5 8. Bb2 Bf6 9. Bxf6 Nxf6 10. Nc3 a6 11. Na4 b6 12. d4 cxd4 13. Qxd4 b5 14. Nb6 Qxd4 15. Nxd4 Ra7 16. Rfc1 Bd7 17. Rc5 Be8 18. Nc8 Nfd7 19. Rcc1 1-0